PL
CHICAGO GOLD SOX @ LAS VEGAS FLAMINGOS
06/03/2034
 
TOP OF THE 1ST
Chicago Gold Sox batting - Pitching for Las Vegas Flamingos : RHP Marvin Martin
Pitching: RHP Marvin Martin
Batting: RHB Mario Álvarez 0-0: SINGLE (Groundball, 34D)
Batting: RHB Shimei Miura 0-0: Grounds into double play, 6-4-3 (Groundball, 6)
Batting: LHB William O'Keefe 0-0: Ball
1-0: Ball
2-0: Called Strike
2-1: Ball
3-1: Foul Ball, location: 2F
3-2: Fly out, F8 (Flyball, 78D)
Top of the 1st over - 0 runs, 1 hit, 0 errors, 0 left on base; Chicago 0 - Las Vegas 0
BOTTOM OF THE 1ST
Las Vegas Flamingos batting - Pitching for Chicago Gold Sox : RHP Tom McKee
Pitching: RHP Tom McKee
Batting: LHB Ruud van Ineveld 0-0: Ball
1-0: DOUBLE (Groundball, 5L)
Batting: RHB Sake van Arem 0-0: Fly out, F9 (Flyball, 89M)
Batting: RHB Baldomero Avino 0-0: Ball
1-0: Swinging Strike
1-1: Fly out, F4 (Line Drive, 4)
Batting: LHB Victor Adams 0-0: Called Strike
0-1: Swinging Strike
0-2: Foul Ball, location: 2F
0-2: SINGLE (Groundball, 34D)
Ruud van Ineveld to third
Runner from 3rd tries for Home, throw and OUT!
Bottom of the 1st over - 0 runs, 2 hits, 0 errors, 1 left on base; Chicago 0 - Las Vegas 0
TOP OF THE 2ND
Chicago Gold Sox batting - Pitching for Las Vegas Flamingos : RHP Marvin Martin
Batting: RHB Ramón Rodríguez 0-0: Called Strike
0-1: Ball
1-1: Ball
2-1: Fly out, F8 (Flyball, 78D)
Batting: SHB Valentín Guzmán 0-0: Fly out, F9 (Flyball, 9)
Batting: LHB Count Dante 0-0: SINGLE (Groundball, 4MD)
Batting: RHB Jay Hood 0-0: Ball
1-0: Ball
2-0: Fly out, F9 (Flyball, 9D)
Top of the 2nd over - 0 runs, 1 hit, 0 errors, 1 left on base; Chicago 0 - Las Vegas 0
BOTTOM OF THE 2ND
Las Vegas Flamingos batting - Pitching for Chicago Gold Sox : RHP Tom McKee
Batting: SHB Glyn Bolasky 0-0: Ball
1-0: Swinging Strike
1-1: Foul Ball, location: 2F
1-2: Foul Ball, location: 2F
1-2: Foul Ball, location: 2F
1-2: Ball
2-2: Foul Ball, location: 2F
2-2: Foul Ball, location: 2F
2-2: Strikes out swinging
Batting: RHB Ellis Greenham 0-0: Called Strike
0-1: Ball
1-1: Fly out, F8 (Flyball, 8LD)
Batting: LHB Xu Cheng 0-0: Called Strike
0-1: Ball
1-1: Ball
2-1: Ball
3-1: Fly out, F7 (Flyball, 7LS)
Bottom of the 2nd over - 0 runs, 0 hits, 0 errors, 0 left on base; Chicago 0 - Las Vegas 0
TOP OF THE 3RD
Chicago Gold Sox batting - Pitching for Las Vegas Flamingos : RHP Marvin Martin
Batting: RHB Berihun Tukufu 0-0: Foul Ball, location: 2F
0-1: Ball
1-1: Ball
2-1: Foul Ball, location: 2F
2-2: Foul Ball, location: 2F
2-2: Ball
3-2: Reached on error, E7 (Flyball, 7)
Batting: LHB Shigenobu Ohayashi Pickoff Throw to First - Out!
0-0: Ball
1-0: Foul Ball, location: 2F
1-1: Called Strike
1-2: Ball
2-2: Foul Ball, location: 2F
2-2: SINGLE (Groundball, 34D)
Batting: RHB Mario Álvarez 0-0: Ball
1-0: Foul Ball, location: 2F
1-1: Foul Ball, location: 2F
1-2: SINGLE (Groundball, 3L) (infield hit)
Shigenobu Ohayashi to second
Batting: RHB Shimei Miura 0-0: Ball
Shigenobu Ohayashi steals 3rd base
Mario Álvarez to second
1-0: Ground out 1-3 (Groundball, 23)
Batting: LHB William O'Keefe 0-0: Called Strike
0-1: Fly out, F1 (Line Drive, 13S)
Top of the 3rd over - 0 runs, 2 hits, 1 error, 2 left on base; Chicago 0 - Las Vegas 0
BOTTOM OF THE 3RD
Las Vegas Flamingos batting - Pitching for Chicago Gold Sox : RHP Tom McKee
Batting: RHB Shihei Kichikawa 0-0: Called Strike
0-1: Ball
1-1: Called Strike
1-2: Hit by Pitch
Batting: RHB Jeff Young 0-0: Ball
1-0: Swinging Strike
1-1: Ball
2-1: Ball
3-1: Swinging Strike
3-2: Strikes out looking
Shihei Kichikawa steals 2nd base
Batter strikes out.
Batting: LHB Ruud van Ineveld 0-0: Ball
1-0: Called Strike
1-1: Ball
2-1: Ball
3-1: Foul Ball, location: 2F
3-2: Fly out, F9 (Flyball, 9)
Batting: RHB Sake van Arem 0-0: Swinging Strike
0-1: Ball
1-1: Ground out 5-3 (Groundball, 56)
Bottom of the 3rd over - 0 runs, 0 hits, 0 errors, 1 left on base; Chicago 0 - Las Vegas 0
TOP OF THE 4TH
Chicago Gold Sox batting - Pitching for Las Vegas Flamingos : RHP Marvin Martin
Batting: RHB Ramón Rodríguez 0-0: Ball
1-0: Fly out, F6 (Popup, 6MS)
Batting: SHB Valentín Guzmán 0-0: Called Strike
0-1: Swinging Strike
0-2: Ball
1-2: Ball
2-2: Strikes out swinging
Batting: LHB Count Dante 0-0: Ball
1-0: SINGLE (Line Drive, 89S)
Batting: RHB Jay Hood 0-0: Ball
1-0: Ball
2-0: Ball
3-0: Called Strike
3-1: Fielders Choice at 2nd, 5-4 (Groundball, 5)
Top of the 4th over - 0 runs, 1 hit, 0 errors, 1 left on base; Chicago 0 - Las Vegas 0
BOTTOM OF THE 4TH
Las Vegas Flamingos batting - Pitching for Chicago Gold Sox : RHP Tom McKee
Batting: RHB Baldomero Avino 0-0: Fly out, F8 (Flyball, 78M)
Batting: LHB Victor Adams 0-0: Foul Ball, location: 2F
0-1: Called Strike
0-2: Foul Ball, location: 2F
0-2: Foul Ball, location: 2F
0-2: SINGLE (Line Drive, 9LS)
Batting: SHB Glyn Bolasky 0-0: Called Strike
0-1: Swinging Strike
0-2: Fielders Choice at 2nd, 6-4 (Groundball, 6M)
Batting: RHB Ellis Greenham 0-0: Called Strike
0-1: Ball
1-1: Ball
Glyn Bolasky steals 2nd base
2-1: Foul Ball, location: 2F
2-2: Foul Ball, location: 2F
2-2: Ball
3-2: Fly out, F7 (Flyball, 7S)
Bottom of the 4th over - 0 runs, 1 hit, 0 errors, 1 left on base; Chicago 0 - Las Vegas 0
TOP OF THE 5TH
Chicago Gold Sox batting - Pitching for Las Vegas Flamingos : RHP Marvin Martin
Batting: RHB Berihun Tukufu 0-0: Ball
1-0: Fly out, F8 (Flyball, 8LD)
Batting: LHB Shigenobu Ohayashi 0-0: Foul Ball, location: 2F
0-1: Fly out, F4 (Popup, 34S)
Batting: RHB Mario Álvarez 0-0: Ball
1-0: Ball
2-0: Ground out 5-3 (Groundball, 56S)
Top of the 5th over - 0 runs, 0 hits, 0 errors, 0 left on base; Chicago 0 - Las Vegas 0
BOTTOM OF THE 5TH
Las Vegas Flamingos batting - Pitching for Chicago Gold Sox : RHP Tom McKee
Batting: LHB Xu Cheng 0-0: Ball
1-0: Ground out 3-1 (Groundball, 34S)
Batting: RHB Shihei Kichikawa 0-0: Called Strike
0-1: Foul Ball, location: 2F
0-2: Ball
1-2: Strikes out swinging
Batting: RHB Jeff Young 0-0: Foul Ball, location: 2F
0-1: Called Strike
0-2: Fly out, F6 (Popup, 6M)
Bottom of the 5th over - 0 runs, 0 hits, 0 errors, 0 left on base; Chicago 0 - Las Vegas 0
TOP OF THE 6TH
Chicago Gold Sox batting - Pitching for Las Vegas Flamingos : RHP Marvin Martin
Batting: RHB Shimei Miura 0-0: Ball
1-0: Swinging Strike
1-1: Ball
2-1: Ball
3-1: Base on Balls
Batting: LHB William O'Keefe 0-0: Swinging Strike
Pickoff Throw to First - Out!
0-1: Ball
1-1: Ball
2-1: Fly out, F6 (Line Drive, 4M)
Batting: RHB Ramón Rodríguez 0-0: Ball
1-0: Foul Ball, location: 2F
1-1: Swinging Strike
1-2: Foul Ball, location: 2F
1-2: Fly out, F9 (Flyball, 9LM)
Top of the 6th over - 0 runs, 0 hits, 0 errors, 0 left on base; Chicago 0 - Las Vegas 0
BOTTOM OF THE 6TH
Las Vegas Flamingos batting - Pitching for Chicago Gold Sox : RHP Tom McKee
Batting: LHB Ruud van Ineveld 0-0: Ball
1-0: Swinging Strike
1-1: Ball
2-1: Ball
3-1: Foul Ball, location: 2F
3-2: Foul Ball, location: 2F
3-2: SINGLE (Line Drive, 9S)
Batting: RHB Sake van Arem 0-0: Ball
Ruud van Ineveld steals 2nd base
1-0: Swinging Strike
1-1: Ground out 6-3 (Groundball, 6)
Ruud van Ineveld to third
Batting: RHB Baldomero Avino 0-0: Intentional Walk
Batting: LHB Victor Adams 0-0: Called Strike
0-1: Ball
1-1: Foul Ball, location: 2F
1-2: Foul Ball, location: 2F
1-2: Grounds into double play, 1-6-3 (Groundball, 13)
Bottom of the 6th over - 0 runs, 1 hit, 0 errors, 1 left on base; Chicago 0 - Las Vegas 0
TOP OF THE 7TH
Chicago Gold Sox batting - Pitching for Las Vegas Flamingos : RHP Marvin Martin
Batting: SHB Valentín Guzmán 0-0: Swinging Strike
0-1: Foul Ball, location: 2F
0-2: SINGLE (Line Drive, 4D)
Batting: LHB Count Dante 0-0: Called Strike
0-1: Swinging Strike
0-2: Strikes out swinging
Batting: RHB Jay Hood 0-0: Ball
1-0: Foul Ball, location: 2F
1-1: 2-RUN HOME RUN (Flyball, 7LD), Distance : 368 ft
Batting: RHB Berihun Tukufu 0-0: Called Strike
0-1: Reached on error, E6 (Groundball, 6M)
Batting: LHB Shigenobu Ohayashi 0-0: Called Strike
0-1: Called Strike
0-2: Foul Ball, location: 2F
0-2: Ball
1-2: Fielders Choice at 2nd, 4-6 (Groundball, 4)
Batting: RHB Mario Álvarez 0-0: Called Strike
0-1: SINGLE (Groundball, 56) (infield hit)
Shigenobu Ohayashi to second
Batting: RHB Shimei Miura 0-0: Ball
1-0: Ball
2-0: Called Strike
2-1: Called Strike
2-2: Ball
3-2: Strikes out swinging
Top of the 7th over - 2 runs, 3 hits, 1 error, 2 left on base; Chicago 2 - Las Vegas 0
BOTTOM OF THE 7TH
Las Vegas Flamingos batting - Pitching for Chicago Gold Sox : RHP Tom McKee
Batting: SHB Glyn Bolasky 0-0: Swinging Strike
0-1: Foul Ball, location: 2F
0-2: Ball
1-2: Strikes out swinging
Batting: RHB Ellis Greenham 0-0: Fly out, F4 (Line Drive, 4M)
Batting: LHB Xu Cheng 0-0: Ball
1-0: Ground out 2-3 (Groundball, 2L)
Bottom of the 7th over - 0 runs, 0 hits, 0 errors, 0 left on base; Chicago 2 - Las Vegas 0
TOP OF THE 8TH
Chicago Gold Sox batting - Pitching for Las Vegas Flamingos : RHP Marvin Martin
Batting: LHB William O'Keefe 0-0: Called Strike
0-1: Swinging Strike
0-2: Foul Ball, location: 2F
0-2: Ball
1-2: Foul Ball, location: 2F
1-2: Fly out, F5 (Popup, 56S)
Pitching: RHP Gilberto Medina
Batting: RHB Ramón Rodríguez 0-0: Ball
1-0: Swinging Strike
1-1: Foul Ball, location: 2F
1-2: Strikes out looking
Batting: SHB Valentín Guzmán 0-0: Ball
1-0: Ground out U3 (Groundball, 23)
Top of the 8th over - 0 runs, 0 hits, 0 errors, 0 left on base; Chicago 2 - Las Vegas 0
BOTTOM OF THE 8TH
Las Vegas Flamingos batting - Pitching for Chicago Gold Sox : RHP Tom McKee
Batting: RHB Shihei Kichikawa 0-0: Ground out 6-3 (Groundball, 6)
Batting: RHB Jeff Young 0-0: Ball
1-0: Fly out, F9 (Flyball, 9LS)
Batting: LHB Ruud van Ineveld 0-0: Swinging Strike
0-1: Ball
1-1: Ball
2-1: Swinging Strike
2-2: Foul Ball, location: 2F
2-2: Ball
3-2: Foul Ball, location: 2F
3-2: Ground out 4-3 (Groundball, 4)
Bottom of the 8th over - 0 runs, 0 hits, 0 errors, 0 left on base; Chicago 2 - Las Vegas 0
TOP OF THE 9TH
Chicago Gold Sox batting - Pitching for Las Vegas Flamingos : RHP Gilberto Medina
Batting: LHB Count Dante 0-0: Called Strike
0-1: Ball
1-1: Called Strike
1-2: Ball
2-2: Strikes out swinging
Batting: RHB Jay Hood 0-0: Ball
1-0: Called Strike
1-1: Ball
2-1: Ball
3-1: Called Strike
3-2: Foul Ball, location: 2F
3-2: Strikes out swinging, 2-3 out at first.
Batting: RHB Berihun Tukufu 0-0: Foul Ball, location: 2F
0-1: Foul Ball, location: 2F
0-2: Ball
1-2: Ball
2-2: Ball
3-2: Fly out, F9 (Flyball, 89S)
Top of the 9th over - 0 runs, 0 hits, 0 errors, 0 left on base; Chicago 2 - Las Vegas 0
BOTTOM OF THE 9TH
Las Vegas Flamingos batting - Pitching for Chicago Gold Sox : RHP Tom McKee
Batting: RHB Sake van Arem 0-0: Called Strike
0-1: Ball
1-1: Foul Ball, location: 2F
1-2: Ground out 4-3 (Groundball, 4)
Batting: RHB Baldomero Avino 0-0: Ball
1-0: Ball
2-0: Called Strike
2-1: Foul Ball, location: 2F
2-2: Strikes out swinging
Batting: LHB Victor Adams 0-0: Ball
1-0: Ball
2-0: Foul Ball, location: 2F
2-1: Ground out 5-3 (Groundball, 56S)
Bottom of the 9th over - 0 runs, 0 hits, 0 errors, 0 left on base; Chicago 2 - Las Vegas 0
Friday, March 29th, 2019 - OOTP Baseball 18.8 Build 76